 Dungeon Crawl Stone Soup version 0.30-a0-722-g3e6e8c874d (webtiles) character file.

Game seed: 16017687574130933698

71 ragingrage the Scratcher (level 4, 0/19 HPs)
             Began as a Felid Transmuter on Jan 27, 2023.
             Slain by an ufetubus (1 damage)
             ... in a sewer.
             The game lasted 00:03:29 (2744 turns).

ragingrage the Scratcher (Felid Transmuter)         Turns: 2744, Time: 00:03:30

Health: 0/19       AC:  1    Str:  6    XL:     4   Next: 5%
Magic:  4/8        EV: 17    Int: 16    God:
Gold:   70         SH:  0    Dex: 16    Spells: 0/7 levels left
                                        Lives:  0   Deaths: 1

rFire   . . .      SeeInvis +      - Unarmed
rCold   . . .      Faith    .    (shield unavailable)
rNeg    . . .      Spirit   .    (body armour unavailable)
rPois   .          Reflect  .    (helmet unavailable)
rElec   .          Harm     .    (cloak unavailable)
rCorr   .          Rampage  .    (gloves unavailable)
Will    .....                    (boots unavailable)
Stlth   ++                       (no amulet)
HPRegen 0.23/turn                (no ring)
MPRegen 0.11/turn                (no ring)

@: very slightly contaminated, quick
A: very small, claws 1, fangs 3, see invisible, speed 1, shaggy fur 1, stealthy
paws, no weapons or thrown items, no armour, multi-lived
a: no special abilities


You were in a sewer.
You visited 1 branch of the dungeon, and saw 3 of its levels.
You also visited: Sewer.

You collected 70 gold pieces.

Inventory:

Jewellery
 j - an amulet of reflection
Scrolls
 c - a scroll of enchant weapon {unknown}
 f - 2 scrolls of fog {unknown}
 h - a scroll of identify {unknown}
 i - 2 scrolls of fear {unknown}
 k - 2 scrolls of noise {unknown}
 l - a scroll of brand weapon {unknown}
 q - a scroll of enchant armour {unknown}
Potions
 a - 2 potions of lignification
 b - a potion of heal wounds
 d - 2 potions of degeneration {unknown}
 e - a potion of curing {unknown}
 g - 2 potions of might {unknown}
 m - 2 potions of haste {unknown}
 n - a potion of brilliance {unknown}
 o - a potion of berserk rage {unknown}
 p - a potion of cancellation {unknown}


   Skills:
 - Level 1.0 Fighting
 - Level 2.6 Dodging
 + Level 3.2 Stealth
 + Level 3.8 Unarmed Combat
 - Level 2.0 Spellcasting
 + Level 3.5 Transmutations
 + Level 1.5 Earth Magic


You couldn't memorise any spells.
You knew the following spells:

 Your Spells              Type           Power      Damage    Failure   Level
a - Beastly Appendage     Tmut           26%        N/A       4%          1
b - Wereblood             Tmut           13%        N/A       8%          2
c - Sandblast             Erth           12%        2d6       11%         1
d - Stone Arrow           Conj/Erth      8%         3d7       41%         3

Your spell library contained the following spells:

 Spells                   Type           Power      Damage    Failure   Level
 Passwall                 Tmut/Erth      7%         N/A       11%         2
 Kiss of Death            Conj/Necr      4%         2d5       21%         1
 Necrotise                Necr           4%         1d4       21%         1
 Spider Form              Tmut/Pois      7%         N/A       30%         3
 Confusing Touch          Hex            1%         N/A       52%         3
 Ice Form                 Ice/Tmut       7%         N/A       69%         4
 Animate Dead             Necr           1%         N/A       90%         4
 Dispel Undead            Necr           1%         3d6       90%         4


Dungeon Overview and Level Annotations

Branches:
Dungeon (3/15)              Sewer (1/1)

Altars:


Innate Abilities, Weirdness & Mutations

You have sharp claws.
You have razor-sharp teeth.
You have supernaturally acute eyesight. (SInv)
You cover ground quickly. (Speed+)
You are covered in fur. (AC +1)
Your paws help you pounce on unaware monsters.
You are incapable of wielding weapons or throwing items.
You cannot wear armour.
You gain extra lives every three experience levels.


Message History

The ufetubus closely misses you. The ufetubus closely misses you.
The ufetubus hits you.
* * * LOW HITPOINT WARNING * * *
The ufetubus attacks as you move away! The ufetubus barely misses you.
The ufetubus closely misses you.
Aiming: Sandblast (safe; 11% risk of failure)
Press: ? - help, Q - select action, (/) - cycle Shift-Dir - straight line, f/p - ufetubus
Aim: an ufetubus (68% to hit)
The blast of sand hits the ufetubus.
The ufetubus is severely wounded.
The ufetubus hits you.
* * * LOW HITPOINT WARNING * * *
The ufetubus closely misses you. The ufetubus misses you. x2
Your magical contamination has completely faded away.
It was a potion of heal wounds.
You feel much better. The ufetubus misses you. The ufetubus barely misses you.
The endoplasm freezes you.
You are frozen.
The ufetubus hits you.
The ufetubus hits you but does no damage.
Unknown command.
The ufetubus attacks as you move away! The ufetubus closely misses you.
The ufetubus barely misses you.
Aiming: Sandblast (safe; 11% risk of failure)
Press: ? - help, Q - select action, (/) - cycle Shift-Dir - straight line, f/p - ufetubus
Aim: an ufetubus (severely wounded, 68% to hit)
You miscast Sandblast.
You are very lightly contaminated with residual magic.
Nothing appears to happen.
The ufetubus hits you. x2
Aiming: Sandblast (safe; 11% risk of failure)
Press: ? - help, Q - select action, (/) - cycle Shift-Dir - straight line, f/p - ufetubus
Aim: an ufetubus (heavily wounded, 68% to hit)
The blast of sand misses the ufetubus.
The blast of sand hits the endoplasm.
The endoplasm is almost dead.
The ufetubus hits you. x2
* * * LOW HITPOINT WARNING * * *
The ufetubus misses you. The ufetubus hits you.
* * * LOW HITPOINT WARNING * * *
The ufetubus barely misses you. The ufetubus hits you.
You die...

##############≈..#
##### #≈~.#
#≈..#≈≈≈≈≈≈≈≈≈≈≈≈
#≈~.#≈≈≈≈≈≈≈≈≈≈≈≈
#≈≈.#≈≈≈≈≈≈≈≈≈≈≈≈
#≈..#≈≈≈≈≈≈≈≈≈≈≈ .
#~~)# ≈~~≈≈≈≈≈≈ ~.
#≈≈.####≈#≈~###≈#.#
#≈~@#K.K..........≈
#≈≈.5KK..........≈≈
#≈≈.#J............≈
##≈####≈##≈##≈###.#
#≈~~ ≈≈≈≈~≈≈≈~≈≈
#≈≈.≈≈≈≈≈≈≈≈≈≈≈≈≈~
#≈≈~≈≈≈≈≈≈≈≈≈≈≈≈≈≈~
#≈≈≈≈≈≈≈≈≈≈≈≈≈≈≈≈≈≈
#≈≈≈≈≈≈≈≈≈≈≈≈≈≈≈≈≈~


You could see an ufetubus, an endoplasm and 2 kobolds.

Vanquished Creatures
  An orc priest (D:3)
  An adder (D:2)
  2 gnolls (D:2)
  A shadow imp (Sewer)
  A worm (D:3)
  2 dart slugs
  3 orcs (D:3)
  6 ball pythons
  7 endoplasms
  2 giant cockroaches (D:1)
  4 goblins (D:1)
  3 hobgoblins
  3 quokkas
  5 bats
  3 frilled lizards
  9 kobolds
  5 rats
58 creatures vanquished.

Vanquished Creatures (others)
  A demonic plant (D:1)
1 creature vanquished.

Grand Total: 59 creatures vanquished

Notes
Turn   | Place    | Note
-------+----------+-------------------------------------------
     0 | D:1      | ragingrage the Felid Transmuter began the quest for the
                  | Orb.
     0 | D:1      | Reached XP level 1. HP: 9/9 MP: 4/4
   119 | D:1      | Reached skill level 1 in Stealth
   281 | D:1      | Reached XP level 2. HP: 10/12 MP: 6/6
   314 | D:1      | Learned a level 2 spell: Wereblood
   504 | D:1      | Learned a level 1 spell: Sandblast
   566 | D:1      | Got the Compilation of the Damned
   969 | D:1      | Reached XP level 3. HP: 15/15 MP: 2/7
  1225 | D:1      | Found a faded altar of an unknown god.
  1225 | D:1      | Noticed a soul eater
  1469 | D:2      | Identified the +1 chain mail of Xom's Castigation {+Blink}
  1775 | D:2      | Reached skill level 1 in Earth Magic
  1934 | D:2      | Reached XP level 4. HP: 19/19 MP: 3/8
  2507 | D:3      | Found a glowing drain.
  2593 | D:3      | Learned a level 3 spell: Stone Arrow
  2594 | Sewer    | Entered a sewer
  2601 | Sewer    | Slain by a kobold
  2602 | Sewer    | Reached XP level 3. HP: -3/15 MP: 2/7
  2623 | Sewer    | Reached XP level 4. HP: 10/19 MP: 8/8
  2744 | Sewer    | Slain by an ufetubus

Illustrated notes

Levels and vault maps discovered:
D:1:      dpeg_arrival_prison, layout_loops_ring,
          dreamdust_ecumenical_altar_sealed_demon
D:2:      layout_basic, dk_noncrumbling_4, minmay_misc_feat_more_columns
D:3:      minmay_skewed_foursquare, layout_basic, lemuel_round_altar,
          cheibrodos_sewer_entry_drain
Sewer:    kennysheep_sewer_church

Skill      XL: |  1  2  3  4 |
---------------+-------------+-----
Stealth        | 1 2 3 |  3.2
Transmutations | 3 |  3.5
Earth Magic    | 1 |  1.5
Fighting       | |  1.0
Dodging        | |  2.6
Unarmed Combat | |  3.8
Spellcasting   | |  2.0

Action                     |  1- 3 |  4- 6 || total
---------------------------+-------+-------++-------
  Melee: Unarmed           |    65 |    10 ||    75
         Bite              |     5 |     3 ||     8
         Punch             |     1 |       ||     1
         Headbutt          |     5 |       ||     5
   Cast: Beastly Appendage |    17 |     1 ||    18
         Sandblast         |    41 |    27 ||    68
         Wereblood         |    12 |     1 ||    13
    Use: Potion            |       |     1 ||     1
   Stab: Sleeping          |     2 |       ||     2
 Armour: Skin              |     5 |     2 ||     7
  Dodge: Dodged            |    76 |    39 ||   115

Table legend: (Time is in decaauts)
 A = Elapsed time spent in this place.
 B = Non-inter-level travel time spent in this place.
 C = Inter-level travel time spent in this place.
 D = Time resting spent in this place.
 E = Time spent auto-exploring this place.
 F = Levels seen in this place.
 G = Mean time per level.
                   A        B        C        D        E       F      G
               +--------+--------+--------+--------+--------+-----+--------+
         Total |   2478 |   2410 |     68 |    376 |   1412 |   4 |  619.5 |
       Dungeon |   2339 |   2271 |     68 |    319 |   1382 |   3 |  779.7 |
         Sewer |    138 |    138 |      0 |     57 |     30 |   1 |  138.0 |
               +--------+--------+--------+--------+--------+-----+--------+

Top non-repeatable levels by time:
     D:1: 1329 daAuts
     D:2: 687 daAuts
     D:3: 322 daAuts
   Sewer: 138 daAuts
